Map: [ESL] Moondance

Players

LiquidElazer (Elazer) - Winner!

  • Race: Zerg Zerg
  • Spawn Location: 6:00

Ryung

  • Race: Terran Terran
  • Spawn Location: 12:00

Event: HomeStory Cup XXI

VOD

Have the link to the VOD?

Description

Time

  • Played on: July 23, 2022, 7:11 a.m.
  • Length: 10:12

All games in this series

Show
View Real Time Build Order
Export as new Build Order

LiquidElazer Zerg - Winner!

Build Orders: Hatch First 

Get SALT Encoding   

  12  0:00  Drone  
  13  0:12  Overlord  
  13  0:17  Drone  
  14  0:30  Drone x2  
  16  0:47  Hatchery  
  15  0:50  Drone  
  15  0:54  Drone  
  17  0:57  Drone  
  18  1:08  Extractor  
  17  1:12  Spawning Pool  
  17  1:15  Drone  
  17  1:18  Drone  
  18  1:28  Drone  
  19  1:42  Drone  
  20  1:50  Drone  
  21  1:59  Queen x2  
  21  2:00  Zergling x4  
  27  2:10  Drone  
  27  2:12  Overlord, Metabolic Boost  
  28  2:31  Hatchery  
  28  2:34  Drone x2  
  28  2:41  Drone x2  
  30  2:46  Queen  
  30  2:49  Drone  
  33  2:53  Overlord  
  35  2:58  Drone x2  
  35  3:06  Drone  
  35  3:07  Overlord  
  35  3:12  Drone x3  
  39  3:17  Queen  
  41  3:27  Overlord, Drone x2  
  41  3:29  Zergling x2  
  44  3:36  Drone  
  44  3:38  Zergling x2  
  44  3:39  Drone x2  
  48  3:43  Queen x2  
  51  3:50  Drone x3  
  51  3:54  Queen  
  56  3:56  Overlord  
  56  3:59  Drone x2  
  58  4:08  Drone x3  
  61  4:10  Drone x2  
  61  4:15  Drone x2  
  65  4:17  Drone x3  
  65  4:20  Overlord  
  65  4:22  Queen  
  70  4:26  Drone x3  
  70  4:29  Overlord  
  70  4:30  Overlord  
  73  4:38  Lair  
  73  4:46  Zergling x2  
  73  4:47  Queen, Overlord  
  73  4:49  Zergling x2  
  73  4:50  Zergling x6  
  80  4:53  Extractor  
  80  4:55  Baneling Nest  
  80  4:56  Extractor  
  80  4:57  Extractor, Drone x5  
  81  5:03  Drone  
  81  5:05  Overlord  
  81  5:06  Drone x2  
  84  5:09  Drone  
  84  5:13  Drone x2  
  87  5:17  Hatchery  
  86  5:24  Drone  
  86  5:25  Spore Crawler  
  86  5:30  Drone x6  
  86  5:31  Spore Crawler, Overlord  
  91  5:36  Evolution Chamber  
  91  5:37  Evolution Chamber  
  91  5:39  Overseer  
  91  5:40  Zergling x6  
  91  5:41  Centrifugal Hooks  
  92  5:48  Overlord  
  92  5:51  Zergling x4  
  94  6:03  Zergling x14  
  100  6:06  Zerg Melee Weapons Level 1, Zerg Ground Armor Level 1  
  100  6:08  Overlord  
  100  6:14  Pneumatized Carapace, Drone  
  100  6:16  Burrow  
  101  6:19  Overlord  
  101  6:20  Overlord  
  101  6:22  Hatchery  
  101  6:23  Zergling x12  
  106  6:34  Zergling x8  
  106  6:38  Zergling x6  
  112  6:47  Zergling x18  
  112  6:49  Baneling x12  
  112  6:51  Overlord  
  112  6:52  Zergling x2  
  112  6:53  Zergling x2  
  123  7:01  Baneling  
  123  7:02  Baneling x7  
  123  7:08  Zergling x8  
  120  7:15  Zergling x4  
  120  7:16  Zergling x20  
  130  7:23  Zergling x8  
  124  7:37  Zergling x14  
  108  7:39  Queen x4  
  108  7:42  Zergling x16  
  108  7:43  Baneling x5  
  122  7:49  Baneling x4  
  122  7:53  Drone x4  
  122  7:54  Drone  
  126  8:01  Zergling x8  
  128  8:08  Baneling x11, Zergling x2  
  128  8:09  Zergling x2  
  130  8:14  Zergling x12  
  135  8:27  Zergling x12  
  135  8:28  Spore Crawler  
  135  8:32  Baneling x4  
  140  8:34  Queen  
  140  8:36  Overlord  
  140  8:41  Zergling x2  
  140  8:42  Zergling x8  
  140  8:46  Zergling x6  
  148  8:50  Baneling x7  
  148  8:55  Overlord  
  148  8:57  Baneling x3  
  148  8:58  Zergling x2  
  148  8:59  Zergling x16  
  157  9:04  Overseer  
  157  9:08  Overlord x2  
  155  9:18  Zergling x12  
  155  9:19  Zergling x16  
  155  9:21  Baneling x6  
  164  9:27  Zergling x18  
  173  9:33  Zergling x2  
  173  9:36  Baneling x9  
  149  9:47  Zergling x20  
  149  9:50  Zergling x4  
Show
View Real Time Build Order
Export as new Build Order

Ryung Terran 

Build Orders: Hellion Opening, Reaper Expand 

Get SALT Encoding   

  12  0:00  SCV  
  13  0:12  SCV  
  14  0:17  Supply Depot  
  14  0:24  SCV  
  15  0:39  Barracks, SCV  
  16  0:42  Refinery  
  16  0:51  SCV  
  17  1:03  SCV  
  18  1:15  SCV  
  19  1:26  Reaper  
  19  1:27  Orbital Command  
  20  1:39  Command Center  
  20  1:46  Supply Depot  
  20  1:53  SCV  
  21  1:58  Marine  
  22  2:05  SCV  
  23  2:10  Factory  
  23  2:17  SCV  
  23  2:19  Barracks Reactor  
  24  2:29  SCV  
  25  2:40  Command Center  
  25  2:41  SCV  
  26  2:51  Orbital Command  
  26  2:53  SCV  
  27  2:59  Starport  
  27  3:06  SCV  
  27  3:07  Refinery  
  27  3:11  Hellion  
  30  3:16  Hellion  
  30  3:18  SCV  
  33  3:20  SCV  
  33  3:23  Barracks Tech Lab  
  34  3:30  SCV  
  34  3:32  Hellion, SCV  
  38  3:37  Hellion  
  38  3:40  Viking  
  42  3:44  SCV  
  42  3:46  SCV  
  44  3:51  Barracks Tech Lab  
  44  3:53  Orbital Command  
  44  3:55  Hellion  
  46  3:59  Hellion  
  46  4:00  SCV  
  46  4:02  SCV  
  50  4:11  Marine, Stimpack  
  50  4:12  Supply Depot  
  50  4:14  SCV x2  
  53  4:23  Starport Reactor  
  53  4:26  SCV x2  
  53  4:29  Barracks  
  53  4:30  Marine  
  56  4:32  Factory Reactor  
  56  4:35  Barracks  
  56  4:38  Engineering Bay  
  56  4:39  Engineering Bay  
  56  4:41  SCV  
  56  4:42  SCV, Supply Depot  
  56  4:43  SCV  
  59  4:47  Marine  
  60  4:53  Refinery, SCV  
  60  4:58  SCV x2  
  63  5:02  Barracks  
  63  5:04  Barracks  
  63  5:09  Terran Infantry Weapons Level 1  
  63  5:10  Terran Infantry Armor Level 1  
  63  5:13  SCV x3  
  66  5:18  Starport Reactor  
  66  5:20  Supply Depot  
  66  5:22  Siege Tank  
  66  5:26  Orbital Command  
  66  5:27  Refinery, Marine  
  66  5:28  Marine x2  
  72  5:37  Marine x2  
  72  5:42  Supply Depot  
  74  5:45  Marine  
  75  5:50  Marine  
  75  5:53  Barracks Reactor  
  75  5:56  Siege Tank  
  79  5:59  Marine  
  79  6:00  Combat Shield, Marine x2  
  82  6:05  Supply Depot, Medivac  
  82  6:06  Supply Depot  
  84  6:14  Medivac  
  84  6:15  Marine x4  
  84  6:17  Marine  
  91  6:25  Marine  
  91  6:26  Marine  
  91  6:29  Siege Tank  
  91  6:32  Marine x3  
  96  6:33  Marine x2  
  96  6:35  Marine x2  
  101  6:43  Marine, Supply Depot  
  101  6:44  Marine  
  101  6:45  Medivac  
  101  6:46  Medivac  
  107  6:49  Marine x2  
  109  6:55  Supply Depot  
  109  7:04  Marine x7  
  109  7:07  Marine  
  117  7:10  Marine  
  114  7:22  Marine x7  
  113  7:25  Marine  
  113  7:28  Marine  
  77  7:39  Medivac  
  77  7:40  Marine x7  
  77  7:43  Marine  
  71  7:46  Marine  
  72  7:53  Siege Tank  
  75  8:04  Marine x6  
  75  8:05  Marine x2  
  75  8:07  Marine  
  75  8:10  Medivac  
  78  8:14  Medivac  
  80  8:22  Marine x7  
  80  8:23  Marine  
  80  8:25  Marine  
  89  8:27  Siege Tank  
  92  8:39  Marine x2, Liberator  
  92  8:40  Marine x3  
  97  8:45  Liberator  
  97  8:46  Marine x3  
  97  8:48  Marine  
  93  8:57  Marine x5  
  98  9:04  Marine x2  
  98  9:05  Siege Tank  
  103  9:10  Marine x2  
  103  9:15  Marine  
  106  9:20  Marine x2  
  106  9:21  Marine x2  
  106  9:22  Marine x2  
  112  9:28  Marine x2  
  114  9:34  Marine  
  115  9:38  Marine x3  
  96  9:46  Marine  
  96  9:47  Marine  
  96  9:50  Marine x3  
  96  9:51  Marine  
Tags
 
Add a new tag
Caveats
  • Supply blocks, unpowered buildings, or Contaminate may cause inaccurate times.
  • Supply counts are checked every 10 seconds.